BSA
BAFFIN ISLAND BEAVERS @ SEATTLE PIKES
04/14/2027
 
TOP OF THE 1ST
Baffin Island Beavers batting - Pitching for Seattle Pikes : RHP António Rijo
Pitching: RHP António Rijo
Batting: LHB Chris Bates 0-0: Fly out, F7 (Line Drive, 7)
Batting: SHB Alonso Ferreira 0-0: Ball
1-0: Ball
2-0: Swinging Strike
2-1: Fly out, F7 (Flyball, 7S)
Batting: LHB Mario García 0-0: Foul Ball, location: 2F
0-1: Foul Ball, location: 2F
0-2: Ball
1-2: Ball
2-2: SINGLE (Groundball, 34D)
Batting: RHB Tony Morton 0-0: Ball
1-0: Fielders Choice at 2nd, 4-6 (Groundball, 4)
Top of the 1st over - 0 run(s), 1 hit(s), 0 error(s), 0 left on base; Baffin Island 0 - Seattle 0
BOTTOM OF THE 1ST
Seattle Pikes batting - Pitching for Baffin Island Beavers : RHP Thierry Garneau
Pitching: RHP Thierry Garneau
Batting: RHB Pete Rideout 0-0: Ground out 2-3 (Groundball, 15S)
Batting: RHB Wallace Greene 0-0: Foul Ball, location: 2F
0-1: Ground out 6-3 (Groundball, 56)
Batting: LHB Richard Hunter 0-0: Called Strike
0-1: Swinging Strike
0-2: Foul Ball, location: 2F
0-2: Ball
1-2: Foul Ball, location: 2F
1-2: Strikes out swinging
Bottom of the 1st over - 0 run(s), 0 hit(s), 0 error(s), 0 left on base; Baffin Island 0 - Seattle 0
TOP OF THE 2ND
Baffin Island Beavers batting - Pitching for Seattle Pikes : RHP António Rijo
Batting: LHB Lorenzo Villa 0-0: SINGLE (Flyball, 9LM)
Batting: RHB Dave Craig 0-0: Ball
1-0: Foul Ball, location: 2F
1-1: Foul Ball, location: 2F
1-2: Foul Ball, location: 2F
1-2: Ball
2-2: Ball
3-2: SINGLE (Flyball, 78S)
Lorenzo Villa to second
Batting: LHB Norberto Muńóz 0-0: Ball
1-0: Called Strike
1-1: Fly out, F7 (Flyball, 7LSF)
Batting: LHB Keng-chi Lao 0-0: Ball
1-0: SINGLE (Groundball, 4MD)
Lorenzo Villa to third
Dave Craig to second
Runner from 3rd tries for Home, SAFE, throw made home
Dave Craig to third
Keng-chi Lao to second
Batting: LHB Mike MacFadden 0-0: Called Strike
0-1: Called Strike
0-2: Ball
1-2: Foul Ball, location: 2F
1-2: Strikes out looking
Batting: LHB Chris Bates 0-0: Foul Ball, location: 2F
0-1: Called Strike
0-2: Ball
1-2: Reached on error, E3 (Groundball, 3S)
Dave Craig scores
Keng-chi Lao to third
Batting: SHB Alonso Ferreira 0-0: Ball
1-0: Ball
2-0: Swinging Strike
2-1: Ball
3-1: Called Strike
3-2: Foul Ball, location: 2F
3-2: Ground out 4-3 (Groundball, 4S)
Top of the 2nd over - 2 run(s), 3 hit(s), 1 error(s), 2 left on base; Baffin Island 2 - Seattle 0
BOTTOM OF THE 2ND
Seattle Pikes batting - Pitching for Baffin Island Beavers : RHP Thierry Garneau
Batting: RHB António Ortega 0-0: Called Strike
0-1: Ball
1-1: Ball
2-1: Fly out, F8 (Flyball, 8LM)
Batting: RHB Randy Sheppard 0-0: Ball
1-0: Foul Ball, location: 2F
1-1: DOUBLE (Flyball, 8LD)
Batting: SHB António Hernández 0-0: Ball
1-0: Ball
2-0: Called Strike
2-1: Ball
3-1: Called Strike
3-2: DOUBLE (Flyball, 78D)
Randy Sheppard scores
Batting: RHB Iván Gonzáles 0-0: Ball
1-0: SINGLE (Groundball, 56D)
António Hernández to third
Runner from 3rd tries for Home, SAFE, no throw
Batting: LHB Keith Tillman 0-0: Foul Ball, location: 2F
0-1: Ball
1-1: Ball
2-1: Grounds into double play, 4-6-3 (Groundball, 4)
Bottom of the 2nd over - 2 run(s), 3 hit(s), 0 error(s), 0 left on base; Baffin Island 2 - Seattle 2
TOP OF THE 3RD
Baffin Island Beavers batting - Pitching for Seattle Pikes : RHP António Rijo
Batting: LHB Mario García 0-0: Foul Ball, location: 2F
0-1: Foul Ball, location: 2F
0-2: Foul Ball, location: 2F
0-2: Ball
1-2: Ball
2-2: Ball
3-2: Base on Balls
Batting: RHB Tony Morton 0-0: Called Strike
0-1: Ball
1-1: Foul Ball, location: 2F
1-2: Ball
2-2: Strikes out looking
Batting: LHB Lorenzo Villa 0-0: Ball
1-0: Ball
2-0: Called Strike
2-1: Ball
3-1: Swinging Strike
3-2: Grounds into double play, 1-6-3 (Groundball, 13)
Top of the 3rd over - 0 run(s), 0 hit(s), 0 error(s), 0 left on base; Baffin Island 2 - Seattle 2
BOTTOM OF THE 3RD
Seattle Pikes batting - Pitching for Baffin Island Beavers : RHP Thierry Garneau
Batting: LHB Jesús Núńez 0-0: Ball
1-0: Foul Ball, location: 2F
1-1: Ball
2-1: Ground out U3 (Groundball, 34)
Batting: RHB Pete Rideout 0-0: Ball
1-0: Ball
2-0: Called Strike
2-1: Foul Ball, location: 2F
2-2: Foul Ball, location: 2F
2-2: Fly out, F9 (Flyball, 9)
Batting: RHB Wallace Greene 0-0: Ball
1-0: Ball
2-0: Ground out 6-3 (Groundball, 6)
Bottom of the 3rd over - 0 run(s), 0 hit(s), 0 error(s), 0 left on base; Baffin Island 2 - Seattle 2
TOP OF THE 4TH
Baffin Island Beavers batting - Pitching for Seattle Pikes : RHP António Rijo
Batting: RHB Dave Craig 0-0: Swinging Strike
0-1: Swinging Strike
0-2: Ball
1-2: SINGLE (Groundball, 6MD)
Batting: LHB Norberto Muńóz 0-0: Foul Ball, location: 2F
0-1: Grounds into double play, 6-4-3 (Groundball, 6)
Batting: LHB Keng-chi Lao 0-0: Ground out 4-3 (Groundball, 4)
Top of the 4th over - 0 run(s), 1 hit(s), 0 error(s), 0 left on base; Baffin Island 2 - Seattle 2
BOTTOM OF THE 4TH
Seattle Pikes batting - Pitching for Baffin Island Beavers : RHP Thierry Garneau
Batting: LHB Richard Hunter 0-0: Called Strike
0-1: Ball
1-1: Ball
2-1: Foul Ball, location: 2F
2-2: SINGLE (Groundball, 34D)
Batting: RHB António Ortega 0-0: Ball
1-0: SINGLE (Line Drive, 78M)
Richard Hunter to second
Batting: RHB Randy Sheppard 0-0: Fly out, F7 (Flyball, 7LS)
Batting: SHB António Hernández 0-0: Called Strike
0-1: Ball
1-1: Ball
2-1: Swinging Strike
2-2: SINGLE (Line Drive, 6MD)
Richard Hunter to third
António Ortega to second
Batting: RHB Iván Gonzáles 0-0: Ball
1-0: Ball
2-0: Fly out, F9 (Flyball, 9LS)
Batting: LHB Keith Tillman 0-0: Ball
1-0: Called Strike
1-1: Swinging Strike
1-2: Ball
2-2: Ball
3-2: Base on Balls
Richard Hunter scores
António Ortega to third
António Hernández to second
Batting: LHB Jesús Núńez 0-0: Ball
1-0: Called Strike
1-1: Swinging Strike
1-2: Ball
2-2: Foul Ball, location: 2F
2-2: SINGLE (Line Drive, 7S)
António Ortega scores
António Hernández to third
Keith Tillman to second
Runner from 3rd tries for Home, throw and OUT!
Bottom of the 4th over - 2 run(s), 4 hit(s), 0 error(s), 2 left on base; Baffin Island 2 - Seattle 4
TOP OF THE 5TH
Baffin Island Beavers batting - Pitching for Seattle Pikes : RHP António Rijo
Batting: LHB Mike MacFadden 0-0: Ball
1-0: Called Strike
1-1: Foul Ball, location: 2F
1-2: Ball
2-2: Foul Ball, location: 2F
2-2: Foul Ball, location: 2F
2-2: Strikes out swinging
Batting: LHB Chris Bates 0-0: Ball
1-0: Called Strike
1-1: Ball
2-1: Foul Ball, location: 2F
2-2: Ball
3-2: Foul Ball, location: 2F
3-2: Base on Balls
Batting: SHB Alonso Ferreira 0-0: Ball
Chris Bates steals 2nd base
1-0: Ball
2-0: Called Strike
2-1: Called Strike
2-2: Fly out, F8 (Flyball, 8RD)
Runner from 2nd tags up, SAFE at 3rd, no throw
Batting: LHB Mario García 0-0: Called Strike
0-1: Called Strike
0-2: Strikes out swinging
Top of the 5th over - 0 run(s), 0 hit(s), 0 error(s), 1 left on base; Baffin Island 2 - Seattle 4
BOTTOM OF THE 5TH
Seattle Pikes batting - Pitching for Baffin Island Beavers : RHP Thierry Garneau
Batting: RHB Pete Rideout 0-0: Ball
1-0: Fly out, F7 (Line Drive, 7)
Batting: RHB Wallace Greene 0-0: Ball
1-0: Fly out, F2 (Popup, 23)
Batting: LHB Richard Hunter 0-0: Called Strike
0-1: Ball
1-1: Called Strike
1-2: SINGLE (Groundball, 25) (infield hit)
Batting: RHB António Ortega 0-0: Called Strike
0-1: Ball
1-1: Swinging Strike
1-2: Ball
Richard Hunter is caught stealing 2nd base
Bottom of the 5th over - 0 run(s), 1 hit(s), 0 error(s), 0 left on base; Baffin Island 2 - Seattle 4
TOP OF THE 6TH
Baffin Island Beavers batting - Pitching for Seattle Pikes : RHP António Rijo
Batting: RHB Tony Morton 0-0: Ball
1-0: Foul Ball, location: 2F
1-1: Ball
2-1: Called Strike
2-2: Foul Ball, location: 2F
2-2: Ball
3-2: Strikes out looking
Batting: LHB Lorenzo Villa 0-0: Foul Ball, location: 2F
0-1: Ball
1-1: Ball
2-1: Foul Ball, location: 2F
2-2: Foul Ball, location: 2F
2-2: Foul Ball, location: 2F
2-2: Fly out, F8 (Flyball, 8LS)
Batting: RHB Dave Craig 0-0: Ball
1-0: Ball
2-0: Foul Ball, location: 2F
2-1: Ball
3-1: Called Strike
3-2: Hit by Pitch
Pitching: RHP Orlando Ojeda
Batting: LHB Norberto Muńóz 0-0: Foul Ball, location: 2F
0-1: Ball
1-1: Foul Ball, location: 2F
1-2: Ball
2-2: Foul Ball, location: 2F
2-2: Strikes out swinging
Top of the 6th over - 0 run(s), 0 hit(s), 0 error(s), 1 left on base; Baffin Island 2 - Seattle 4
BOTTOM OF THE 6TH
Seattle Pikes batting - Pitching for Baffin Island Beavers : RHP Thierry Garneau
Batting: RHB António Ortega 0-0: Called Strike
0-1: Swinging Strike
0-2: Ball
1-2: Strikes out swinging
Batting: RHB Randy Sheppard 0-0: Swinging Strike
0-1: Foul Ball, location: 2F
0-2: Ground out 5-3 (Groundball, 5S)
Batting: SHB António Hernández 0-0: Ball
1-0: Called Strike
1-1: Ball
2-1: Swinging Strike
2-2: Fly out, F4 (Popup, 3D)
Bottom of the 6th over - 0 run(s), 0 hit(s), 0 error(s), 0 left on base; Baffin Island 2 - Seattle 4
TOP OF THE 7TH
Baffin Island Beavers batting - Pitching for Seattle Pikes : RHP Orlando Ojeda
Batting: LHB Keng-chi Lao 0-0: Called Strike
0-1: Ground out 4-3 (Groundball, 4)
Batting: LHB Mike MacFadden 0-0: Swinging Strike
0-1: Called Strike
0-2: Strikes out swinging
Batting: LHB Chris Bates 0-0: Ball
1-0: Ground out 6-3 (Groundball, 6)
Top of the 7th over - 0 run(s), 0 hit(s), 0 error(s), 0 left on base; Baffin Island 2 - Seattle 4
BOTTOM OF THE 7TH
Seattle Pikes batting - Pitching for Baffin Island Beavers : RHP Thierry Garneau
Pitching: RHP Junior Mateo
Batting: RHB Iván Gonzáles 0-0: Called Strike
0-1: Called Strike
0-2: Strikes out swinging
Batting: LHB Keith Tillman 0-0: Called Strike
0-1: Foul Ball, location: 2F
0-2: Ground out U3 (Groundball, 34)
Batting: LHB Jesús Núńez 0-0: Ball
1-0: Ball
2-0: Ball
3-0: Base on Balls
Batting: RHB Pete Rideout 0-0: Ball
Balk!
Jesús Núńez to second
1-0: Called Strike
1-1: Swinging Strike
1-2: Strikes out looking
Bottom of the 7th over - 0 run(s), 0 hit(s), 0 error(s), 1 left on base; Baffin Island 2 - Seattle 4
TOP OF THE 8TH
Baffin Island Beavers batting - Pitching for Seattle Pikes : RHP Orlando Ojeda
Batting: SHB Alonso Ferreira 0-0: Foul Ball, location: 2F
0-1: Ball
1-1: Ball
2-1: Foul Ball, location: 2F
2-2: Ball
3-2: Ground out 4-3 (Groundball, 4D)
Batting: LHB Mario García 0-0: Called Strike
0-1: Foul Ball, location: 2F
0-2: Foul Ball, location: 2F
0-2: Strikes out swinging
Batting: RHB Tony Morton 0-0: DOUBLE (Line Drive, 9LM)
Pitching: LHP Manny Sandoval
Batting: LHB Lorenzo Villa 0-0: Called Strike
0-1: Ball
1-1: Swinging Strike
1-2: Foul Ball, location: 2F
1-2: Ball
2-2: Fly out, F7 (Flyball, 7LMF)
Top of the 8th over - 0 run(s), 1 hit(s), 0 error(s), 1 left on base; Baffin Island 2 - Seattle 4
BOTTOM OF THE 8TH
Seattle Pikes batting - Pitching for Baffin Island Beavers : RHP Junior Mateo
Batting: RHB Wallace Greene 0-0: Called Strike
0-1: Foul Ball, location: 2F
0-2: Ball
1-2: Strikes out swinging
Batting: LHB Richard Hunter 0-0: Ball
1-0: Swinging Strike
1-1: Called Strike
1-2: Ball
2-2: Foul Ball, location: 2F
2-2: Foul Ball, location: 2F
2-2: Ground out 4-3 (Groundball, 4)
Batting: RHB António Ortega 0-0: Ball
1-0: Ball
2-0: Ball
3-0: Foul Ball, location: 2F
3-1: SINGLE (Groundball, 6MD)
Batting: RHB Randy Sheppard 0-0: Called Strike
0-1: Ball
1-1: SINGLE (Groundball, 6MD)
António Ortega to second
Batting: SHB António Hernández 0-0: Called Strike
0-1: Called Strike
0-2: Foul Ball, location: 2F
0-2: Ball
1-2: Strikes out swinging
Bottom of the 8th over - 0 run(s), 2 hit(s), 0 error(s), 2 left on base; Baffin Island 2 - Seattle 4
TOP OF THE 9TH
Baffin Island Beavers batting - Pitching for Seattle Pikes : LHP Manny Sandoval
Pitching: LHP Cristián Escobar
Batting: RHB Dave Craig 0-0: Swinging Strike
0-1: Ball
1-1: Foul Ball, location: 2F
1-2: DOUBLE (Line Drive, 7LS)
Batting: LHB Norberto Muńóz 0-0: Foul Ball, location: 2F
0-1: Swinging Strike
0-2: Strikes out swinging
Pinch Hitting: RHB Raúl Soto 0-0: Foul Ball, location: 2F
0-1: Foul Ball, location: 2F
0-2: Foul Ball, location: 2F
0-2: Strikes out swinging
Pinch Hitting: RHB Mario López 0-0: Ball
1-0: Ball
2-0: Ground out 6-3 (Groundball, 6)
Top of the 9th over - 0 run(s), 1 hit(s), 0 error(s), 1 left on base; Baffin Island 2 - Seattle 4
Thursday, March 30th, 2017 - OOTP Baseball 17.12 Build 75